AoeStats
← KSK1912

Fortress

508034475Analyzed
2v2 RM · 11d ago on Sep 20, 2026· 60m 44s· 4 players
Game mode
Random Map
Map size
Normal (6 player)
Population
200
Speed
Normal
Resources
Standard
Victory
Conquest
Starting age
Dark Age
Ending age
Imperial Age
RankedLock teamsTeams togetherTeam positionsShared explorationLock speedFull tech treeHidden civsTurbo modeCheats
Victory
Defeat
🇨🇦 Bohemians · Canada
951
+14
🇨🇦 Berbers · Canada
886
+17
🇹🇷 Spanish · Türkiye
921
-16
🇭🇷 Franks · Croatia
899
-15
blacar
6:51 Feudal Age
11:44 Castle Age
10:26 Double-Bit Axe
11:51 Gold Mining
14:17 Bow Saw
22:37 Wheelbarrow
23:53 Gold Shaft Mining
27:07 Imperial Age
24:55 Scale Barding Armor
26:26 Forging
26:35 Squires
28:14 Conscription
27:21 Cavalier
28:05 Husbandry
28:23 Scale Mail Armor
29:00 Iron Casting
29:00 Chain Barding Armor
29:48 #83
30:56 Blast Furnace
30:33 Plate Barding Armor
30:16 Chain Mail Armor
31:07 Elite Throwing Axeman
32:23 Plate Mail Armor
33:11 Fletching
35:54 Hand Cart
36:39 Bodkin Arrow
36:46 Padded Archer Armor
37:49 Paladin
39:19 Leather Archer Armor
55:24 Pikeman
KSK1912
7:58 Feudal Age
9:01 Loom
10:11 Loom
14:22 Castle Age
12:41 Gold Mining
13:35 Wheelbarrow
12:46 Town Watch
13:17 Double-Bit Axe
13:21 Horse Collar
16:54 Scale Barding Armor
17:05 Double-Bit Axe
21:17 Husbandry
22:07 Stone Mining
22:33 Bloodlines
23:05 Hand Cart
22:40 Town Watch
23:19 Inquisition
26:45 Bow Saw
26:47 Stone Mining
28:27 Stone Shaft Mining
30:41 Imperial Age
28:46 Ballistics
28:52 Heavy Plow
29:43 Chain Barding Armor
29:52 Fletching
30:02 Padded Archer Armor
29:39 Pikeman
30:20 Squires
30:16 Gambesons
30:32 Squires
30:53 Forging
30:44 Scale Mail Armor
31:54 Supremacy
30:58 Halberdier
33:29 Two-Man Saw
35:41 Chemistry
37:10 Elite Conquistador
38:58 Plate Barding Armor
38:40 Leather Archer Armor
38:21 Bodkin Arrow
38:52 Cavalier
42:40 Elite Skirmisher
43:27 Thumb Ring
44:21 Paladin
AJSAMUEL
7:47 Feudal Age
12:25 Castle Age
10:35 Double-Bit Axe
12:06 Horse Collar
17:34 Forging
17:24 Scale Mail Armor
17:07 Pikeman
17:52 Squires
22:20 Wheelbarrow
21:31 Loom
22:28 Town Watch
24:40 Fortified Wall
27:17 Iron Casting
27:41 Hand Cart
32:09 Imperial Age
32:13 Halberdier
33:17 Chain Mail Armor
34:46 Town Patrol
35:50 Blast Furnace
35:21 Plate Mail Armor
34:41 Fletching
36:07 Chemistry
36:24 Bow Saw
38:27 Bodkin Arrow
38:33 Padded Archer Armor
51:24 Conscription
RawMen_Noodles
7:49 Feudal Age
12:31 Castle Age
11:19 Loom
11:30 Double-Bit Axe
11:26 Horse Collar
13:53 Bow Saw
13:56 Heavy Plow
19:53 Ballistics
19:39 Fletching
20:28 Padded Archer Armor
22:29 Wheelbarrow
28:56 Imperial Age
26:42 Hand Cart
26:50 Husbandry
27:07 Forging
26:57 Scale Mail Armor
27:05 Scale Barding Armor
27:34 Bloodlines
27:31 Treadmill Crane
28:01 Masonry
28:03 Fortified Wall
28:17 Light Cavalry
29:14 Gold Mining
29:31 Bodkin Arrow
29:57 Hussar
31:34 Gold Shaft Mining
32:51 Chemistry
31:57 Siege Engineers
32:50 Leather Archer Armor
32:57 Chain Barding Armor
33:21 Conscription
33:35 Elite Camel Archer
34:18 Maghrebi Camels
34:59 Kasbah
40:39 Iron Casting
40:39 Plate Barding Armor
40:43 Bracer
41:55 Bracer
42:25 Ring Archer Armor
42:56 Blast Furnace
43:14 Heavy Camel Rider
55:36 Scale Mail Armor
55:47 Squires
55:33 Arson
55:20 Pikeman
55:26 Pikeman
Connection lost

Rejoining the realm…

Still unreachable

The connection could not be restored.

Session expired

The server has moved on; the page needs a fresh start.